 Dungeon Crawl Stone Soup version 0.27.0-1-g7a089689b8 (webtiles) character file.

Game seed: 6868386582247264601

129 Acheron the Gusty (level 4, -11/40 HPs)
             Began as a Troll Air Elementalist on Aug 8, 2021.
             Was a Follower of Kikubaaqudgha.
             Killed from afar by Dowan (16 damage)
             ... with a stone arrow
             ... on level 4 of the Dungeon.
             The game lasted 00:07:25 (1259 turns).

Acheron the Gusty (Troll Air Elementalist)          Turns: 1259, Time: 00:07:26

Health: -11/40     AC:  4    Str: 16    XL:     4   Next: 88%
Magic:  5/5        EV: 10    Int: 11    God:    Kikubaaqudgha [*.....]
Gold:   22         SH:  0    Dex: 11    Spells: 5/6 levels left

rFire    . . .     SeeInvis .     - Unarmed
rCold    . . .     Faith    .   (no shield)
rNeg     . . .     Spirit   .   a - +0 robe
rPois    .         Reflect  .   b - +0 hat
rElec    .         Harm     .   (no cloak)
rCorr    .         Rampage  .   (gloves unavailable)
Will     .....                  (boots unavailable)
Stlth    +.........             (no amulet)
HPRegen  1.13/turn              (no ring)
MPRegen  0.09/turn              (no ring)

@: on berserk cooldown, slowed, very slow
A: large, unfitting armour, claws 3, regeneration 1, shaggy fur 1, tough skin 1
a: Renounce Religion, Receive Corpses


You were on level 4 of the Dungeon.
You worshipped Kikubaaqudgha.
Kikubaaqudgha was aware of your devotion.
You visited 1 branch of the dungeon, and saw 4 of its levels.

You collected 22 gold pieces.

Inventory:

Missiles
 d - 75 stones
Armour
 a - a +0 robe (worn)
 b - a +0 hat (worn)
Jewellery
 j - an amulet of faith
Scrolls
 c - 3 scrolls of identify
 h - 3 scrolls of enchant weapon {unknown}
 k - a scroll of noise {unknown}
 m - a scroll of teleportation {unknown}
Potions
 e - a potion of resistance {unknown}
 g - a potion of ambrosia {unknown}
 i - a potion of lignification {unknown}
 l - a potion of curing {unknown}
 n - a potion of might {unknown}
 o - a potion of magic {unknown}


   Skills:
 * Level 0.8 Fighting
 * Level 2.2 Dodging
 + Level 1.1 Stealth
 * Level 1.9 Unarmed Combat
 * Level 1.6 Spellcasting
 * Level 1.1 Conjurations
 * Level 0.6 Necromancy
 + Level 2.3 Air Magic


You had 5 spell levels left.
You knew the following spells:

 Your Spells              Type           Power      Damage    Failure   Level
a - Shock                 Conj/Air       16%        1d4       14%         1

Your spell library contained the following spells:

 Spells                   Type           Power      Damage    Failure   Level
 Static Discharge         Conj/Air       4%         N/A       22%         2
 Animate Skeleton         Necr           4%         N/A       24%         1
 Pain                     Necr           8%         1d4       24%         1
 Sublimation of Blood     Necr           1%         N/A       34%         2
 Swiftness                Air            6%         N/A       34%         3
 Vampiric Draining        Necr           1%         2d6       56%         3
 Airstrike                Air            3%         N/A       75%         4


Dungeon Overview and Level Annotations

Branches:
Dungeon (4/15)
 Temple: D:4-7

Altars:
Kikubaaqudgha

Shops:
D:4 ?

Annotations:
D:2 1 runed translucent door, Crazy Yiuf
D:4 Blork the orc, Dowan, Pikel


Innate Abilities, Weirdness & Mutations

You are too large for most types of armour.
You have claws for hands.
Your natural rate of healing is unusually fast.
You are covered in fur. (AC +1)
You have tough skin. (AC +1)


Message History

Dowan mumbles some strange words.
Dowan blinks!
Things that are here:
a +0 short sword; a +0 scale mail You feel a strong urge to attack something.
You are no longer berserk.
You are exhausted.
You feel yourself slow down. The lemure hits you.
Things that are here:
a +0 short sword; a +0 scale mail You scratch the lemure.
The lemure is lightly wounded.
The lemure barely misses you.
You barely miss the lemure.
The lemure is lightly wounded.
Dowan gestures wildly while chanting.
Dowan blinks!
The lemure barely misses you. x2
You barely miss the lemure.
The lemure is lightly wounded.
The lemure closely misses you.
You claw the lemure!
The lemure is moderately wounded.
The lemure hits you!
You barely miss the lemure.
The lemure is moderately wounded.
The lemure hits you.
You claw Pikel!
Pikel is lightly wounded.
Pikel hits you with a +1 whip of flaming.
* * * LOW HITPOINT WARNING * * *
Pikel burns you.
* * * LOW HITPOINT WARNING * * *
Dowan hits you with a +0 dagger.
* * * LOW HITPOINT WARNING * * *
You miss Dowan.
Dowan is almost dead.
Dowan points at you and mumbles some strange words.
The stone arrow hits you!
You die...
Kikubaaqudgha rasps: "You have failed me!
Welcome... death!"

#.# # #.# #. #.#
###.#######.#
...........#
#.#...e.#####
#.....(.....##
#.5########.....##...##
#.5o55K@e......##.....#
....#########.†........#
# #..###.....#
#...###...## . #...#
##### . #...# . #...#
#...##### #.<.....#


You could see Pikel, Blork the orc (fast), 4 lemures and Dowan (fast).

Vanquished Creatures
  Duvessa (D:4)
  An adder (D:2)
  A dart slug (D:2)
  A ball python (D:2)
  4 bats (D:2)
  An endoplasm (D:2)
  A giant cockroach (D:1)
  6 goblins
  2 hobgoblins
  3 frilled lizards
  3 kobolds (D:2)
  3 rats
27 creatures vanquished.

Notes
Turn   | Place    | Note
-------+----------+-------------------------------------------
     0 | D:1      | Acheron the Troll Air Elementalist began the quest for the
                  | Orb.
     0 | D:1      | Reached XP level 1. HP: 16/16 MP: 1/1
   132 | D:2      | Found a runed translucent door.
   133 | D:2      | Noticed Crazy Yiuf
   209 | D:2      | Reached XP level 2. HP: 19/24 MP: 0/3
   491 | D:2      | Reached XP level 3. HP: 32/32 MP: 0/4
   639 | D:2      | Reached skill level 1 in Unarmed Combat
   823 | D:2      | Found a faded altar of an unknown god.
   837 | D:2      | Became a worshipper of Kikubaaqudgha
   837 | D:2      | Reached * piety under Kikubaaqudgha
   837 | D:2      | Received a gift from Kikubaaqudgha
  1185 | D:4      | Found Baneupt's Magic Scroll Shoppe.
  1220 | D:4      | Noticed Dowan
  1222 | D:4      | Noticed Duvessa
  1229 | D:4      | Noticed a lemure
  1230 | D:4      | Noticed Pikel
  1230 | D:4      | Noticed a lemure
  1230 | D:4      | Noticed a lemure
  1231 | D:4      | Noticed a lemure
  1237 | D:4      | Noticed Blork the orc
  1243 | D:4      | Killed Duvessa
  1244 | D:4      | Reached skill level 1 in Conjurations
  1244 | D:4      | Reached XP level 4. HP: 40/40 MP: 5/5
  1259 | D:4      | Killed from afar by Dowan

Illustrated notes

Levels and vault maps discovered:
D:1:      dpeg_arrival_rooms_a, layout_basic
D:2:      layout_basic, hellmonk_ecumenical_altar_zigzags,
          uniq_crazy_yiuf_cottage
D:3:      layout_rooms, gammafunk_ghost_gnarly_gnolls, minmay_checkerbox,
          uniq_sigmund, uniq_ijyb
D:4:      layout_loops_ring, minmay_temple_entry_poolview, serial_shops, shop,
          uniq_natasha, uniq_pikel, uniq_blork_the_orc, uniq_duvessa

Skill      XL: |  1  2  3 |
---------------+----------+-----
Unarmed Combat | 1 |  1.9
Dodging        | 2 |  2.2
Conjurations   | 1 |  1.1
Fighting       | |  0.8
Stealth        | |  1.1
Spellcasting   | |  1.6
Necromancy     | |  0.6
Air Magic      | |  2.3

Action                   |  1- 3 |  4- 6 || total
-------------------------+-------+-------++-------
Melee: Unarmed           |    69 |    13 ||    82
       Punch             |     1 |       ||     1
 Cast: Shock             |    20 |       ||    20
  Use: Scroll            |     1 |       ||     1
       Potion            |     1 |       ||     1
Armor: Robe              |    34 |     1 ||    35
Dodge: Dodged            |    43 |     6 ||    49
